ESL (28 & UNDER)
WILMINGTON REBELS @ NEWARK BULLDOGS
08/09/2026
 
TOP OF THE 1ST
Wilmington Rebels batting - Pitching for Newark Bulldogs : RHP Jesús Martínez
Pitching: RHP Jesús Martínez
Batting: RHB Jesús Cabrera 0-0: Ball
1-0: Foul Ball, location: 2F
1-1: Called Strike
1-2: Ball
2-2: Ball
3-2: Base on Balls
Batting: RHB Jeff Jones 0-0: Ball
1-0: Swinging Strike
1-1: Ball
2-1: Grounds into double play, 6-4-3 (Groundball, 6)
Batting: RHB Enrico Bonizo 0-0: Ball
1-0: Foul Ball, location: 2F
1-1: Called Strike
1-2: Foul Ball, location: 2F
1-2: SINGLE (Line Drive, 7LS)
Batting: RHB Vicente Valentín 0-0: Ball
1-0: Ball
2-0: Foul Ball, location: 2F
2-1: Foul Ball, location: 2F
2-2: Strikes out swinging
Top of the 1st over - 0 run(s), 1 hit(s), 0 error(s), 1 left on base; Wilmington 0 - Newark 0
BOTTOM OF THE 1ST
Newark Bulldogs batting - Pitching for Wilmington Rebels : LHP Guy Sewell
Pitching: LHP Guy Sewell
Batting: LHB Marvin Morris 0-0: Ball
1-0: Ball
2-0: Foul Ball, location: 2F
2-1: SINGLE (Flyball, 34D)
Batting: RHB Leonardo Pinto 0-0: Called Strike
0-1: Ball
1-1: Called Strike
1-2: Ball
2-2: Strikes out swinging
Batting: RHB Carl Byrd 0-0: Ball
1-0: Ball
2-0: SINGLE (Groundball, 56D)
Marvin Morris to second
Batting: RHB Randy Simons 0-0: Foul Ball, location: 2F
0-1: Foul Ball, location: 2F
0-2: Strikes out swinging
Batting: RHB Larry Booth 0-0: Foul Ball, location: 2F
0-1: Foul Ball, location: 2F
0-2: Fielders Choice at 2nd, 5-4 (Groundball, 5)
Bottom of the 1st over - 0 run(s), 2 hit(s), 0 error(s), 1 left on base; Wilmington 0 - Newark 0
TOP OF THE 2ND
Wilmington Rebels batting - Pitching for Newark Bulldogs : RHP Jesús Martínez
Batting: RHB Carlos Ordóńez 0-0: Ball
1-0: Ball
2-0: SINGLE (Groundball, 6MD)
Batting: RHB Al Reese 0-0: Called Strike
0-1: Ball
1-1: Grounds into double play, 4-6-3 (Groundball, 4)
Batting: LHB David Cháves 0-0: Called Strike
0-1: Ball
1-1: SINGLE (Groundball, 4MD) (infield hit)
Batting: LHB Chandler Hubbard 0-0: Ball
1-0: Ball
2-0: Called Strike
2-1: Ground out 4-3 (Groundball, 4)
Top of the 2nd over - 0 run(s), 2 hit(s), 0 error(s), 1 left on base; Wilmington 0 - Newark 0
BOTTOM OF THE 2ND
Newark Bulldogs batting - Pitching for Wilmington Rebels : LHP Guy Sewell
Batting: RHB Perry Henry 0-0: Swinging Strike
0-1: Called Strike
0-2: Ball
1-2: Ball
2-2: Ball
3-2: Foul Ball, location: 2F
3-2: Foul Ball, location: 2F
3-2: Ground out 5-3 (Groundball, 5)
Batting: LHB Owen Moreno 0-0: Ball
1-0: Fly out, F9 (Flyball, 9D)
Batting: RHB António Flores 0-0: Foul Ball, location: 2F
0-1: Ball
1-1: Ball
2-1: Ground out 5-3 (Groundball, 5L)
Bottom of the 2nd over - 0 run(s), 0 hit(s), 0 error(s), 0 left on base; Wilmington 0 - Newark 0
TOP OF THE 3RD
Wilmington Rebels batting - Pitching for Newark Bulldogs : RHP Jesús Martínez
Batting: RHB Joey Boyd 0-0: Ground out 6-3 (Groundball, 6)
Batting: RHB Jesús Cabrera 0-0: Ground out 1-3 (Groundball, 15)
Batting: RHB Jeff Jones 0-0: Called Strike
0-1: Ball
1-1: Foul Ball, location: 2F
1-2: Ball
2-2: SINGLE (Groundball, 4MD)
Batting: RHB Enrico Bonizo 0-0: Swinging Strike
0-1: Fly out, F7 (Flyball, 78S)
Top of the 3rd over - 0 run(s), 1 hit(s), 0 error(s), 1 left on base; Wilmington 0 - Newark 0
BOTTOM OF THE 3RD
Newark Bulldogs batting - Pitching for Wilmington Rebels : LHP Guy Sewell
Batting: RHB Pablo Gómez 0-0: Called Strike
0-1: Called Strike
0-2: Ball
1-2: Ball
2-2: Foul Ball, location: 2F
2-2: Ground out 1-3 (Groundball, 23)
Batting: LHB Marvin Morris 0-0: Swinging Strike
0-1: Swinging Strike
0-2: Ball
1-2: Ball
2-2: Foul Ball, location: 2F
2-2: Ground out 1-3 (Groundball, 13S)
Batting: RHB Leonardo Pinto 0-0: Called Strike
0-1: Ball
1-1: Swinging Strike
1-2: SINGLE (Groundball, 6MD)
Batting: RHB Carl Byrd 0-0: Ball
1-0: Ball
2-0: Called Strike
2-1: Called Strike
2-2: Ball
3-2: Strikes out swinging
Bottom of the 3rd over - 0 run(s), 1 hit(s), 0 error(s), 1 left on base; Wilmington 0 - Newark 0
TOP OF THE 4TH
Wilmington Rebels batting - Pitching for Newark Bulldogs : RHP Jesús Martínez
Batting: RHB Vicente Valentín 0-0: Called Strike
0-1: Ball
1-1: Foul Ball, location: 2F
1-2: Strikes out looking
Batting: RHB Carlos Ordóńez 0-0: Ball
1-0: Foul Ball, location: 2F
1-1: Fly out, F9 (Flyball, 9M)
Batting: RHB Al Reese 0-0: Called Strike
0-1: Called Strike
0-2: Strikes out looking
Top of the 4th over - 0 run(s), 0 hit(s), 0 error(s), 0 left on base; Wilmington 0 - Newark 0
BOTTOM OF THE 4TH
Newark Bulldogs batting - Pitching for Wilmington Rebels : LHP Guy Sewell
Batting: RHB Randy Simons 0-0: Ball
1-0: Foul Ball, location: 2F
1-1: DOUBLE (Line Drive, 78M)
Batting: RHB Larry Booth 0-0: Ball
1-0: Called Strike
1-1: Foul Ball, location: 2F
1-2: Strikes out looking
Batting: RHB Perry Henry 0-0: Ball
1-0: Ball
2-0: Ground out 6-3 (Groundball, 6M)
Randy Simons to third
Batting: LHB Owen Moreno 0-0: Ball
1-0: Swinging Strike
1-1: Ball
2-1: Ball
3-1: Called Strike
3-2: Ground out 4-3 (Groundball, 4M)
Bottom of the 4th over - 0 run(s), 1 hit(s), 0 error(s), 1 left on base; Wilmington 0 - Newark 0
TOP OF THE 5TH
Wilmington Rebels batting - Pitching for Newark Bulldogs : RHP Jesús Martínez
Batting: LHB David Cháves 0-0: Called Strike
0-1: Foul Ball, location: 2F
0-2: Foul Ball, location: 2F
0-2: Ball
1-2: Foul Ball, location: 2F
1-2: Strikes out looking
Batting: LHB Chandler Hubbard 0-0: Fly out, F7 (Line Drive, 7S)
Batting: RHB Joey Boyd 0-0: SINGLE (Line Drive, 4MD)
Batting: RHB Jesús Cabrera 0-0: Ground out 1-3 (Groundball, 23)
Top of the 5th over - 0 run(s), 1 hit(s), 0 error(s), 1 left on base; Wilmington 0 - Newark 0
BOTTOM OF THE 5TH
Newark Bulldogs batting - Pitching for Wilmington Rebels : LHP Guy Sewell
Batting: RHB António Flores 0-0: Called Strike
0-1: Ground out 1-3 (Groundball, 56S)
Batting: RHB Pablo Gómez 0-0: Foul Ball, location: 2F
0-1: Ground out 4-3 (Groundball, 4M)
Batting: LHB Marvin Morris 0-0: Ball
1-0: Swinging Strike
1-1: Foul Ball, location: 2F
1-2: Ball
2-2: Foul Ball, location: 2F
2-2: Strikes out swinging
Bottom of the 5th over - 0 run(s), 0 hit(s), 0 error(s), 0 left on base; Wilmington 0 - Newark 0
TOP OF THE 6TH
Wilmington Rebels batting - Pitching for Newark Bulldogs : RHP Jesús Martínez
Batting: RHB Jeff Jones 0-0: SINGLE (Groundball, 56)
Batting: RHB Enrico Bonizo 0-0: Ball
1-0: Ball
2-0: Ball
3-0: Called Strike
3-1: Swinging Strike
3-2: Base on Balls
Jeff Jones to second
Batting: RHB Vicente Valentín 0-0: Foul Ball, location: 2F
0-1: Swinging Strike
0-2: Ball
1-2: Foul Ball, location: 2F
1-2: Strikes out looking
Batting: RHB Carlos Ordóńez 0-0: Ball
1-0: Ball
2-0: Called Strike
2-1: SINGLE (Line Drive, 89M)
Jeff Jones to third
Enrico Bonizo to second
Runner from 3rd tries for Home, SAFE, throw made home
Enrico Bonizo to third
Carlos Ordóńez to second
Batting: RHB Al Reese 0-0: Ball
1-0: Called Strike
1-1: Ball
2-1: Ball
3-1: DOUBLE (Line Drive, 9LM)
Enrico Bonizo scores
Carlos Ordóńez scores
Batting: LHB David Cháves 0-0: Ground out U3 (Groundball, 3S)
Al Reese to third
Batting: LHB Chandler Hubbard 0-0: Fly out, F5 (Popup, 5DF)
Top of the 6th over - 3 run(s), 3 hit(s), 0 error(s), 1 left on base; Wilmington 3 - Newark 0
BOTTOM OF THE 6TH
Newark Bulldogs batting - Pitching for Wilmington Rebels : LHP Guy Sewell
Batting: RHB Leonardo Pinto 0-0: Ball
1-0: Ball
2-0: Ball
3-0: Base on Balls
Batting: RHB Carl Byrd 0-0: Ball
Leonardo Pinto steals 2nd base
1-0: SINGLE (Groundball, 6D)
Leonardo Pinto to third
Runner from 3rd tries for Home, SAFE, no throw or cutoff
Batting: RHB Randy Simons 0-0: Called Strike
0-1: Ball
1-1: Foul Ball, location: 2F
1-2: Ball
2-2: Strikes out swinging
Batting: RHB Larry Booth 0-0: Ball
1-0: Grounds into double play, 5-4-3 (Groundball, 5L)
Bottom of the 6th over - 1 run(s), 1 hit(s), 0 error(s), 0 left on base; Wilmington 3 - Newark 1
TOP OF THE 7TH
Wilmington Rebels batting - Pitching for Newark Bulldogs : RHP Jesús Martínez
Batting: RHB Joey Boyd 0-0: Called Strike
0-1: Ball
1-1: SINGLE (Groundball, 6)
Batting: RHB Jesús Cabrera 0-0: Bunted foul
0-1: Bunted foul
0-2: Ball
1-2: Ball
2-2: Fly out, F6 (Popup, 7S)
Batting: RHB Jeff Jones 0-0: Hit by Pitch
Joey Boyd to second
Batting: RHB Enrico Bonizo 0-0: Ball
1-0: Called Strike
1-1: Ball
2-1: Ball
3-1: Foul Ball, location: 2F
3-2: Fly out, F8 (Flyball, 8LD)
Runner from 2nd tags up, SAFE at 3rd, no throw
Pitching: RHP Chris Johns
Batting: RHB Vicente Valentín 0-0: Ball
1-0: Ball
2-0: Called Strike
2-1: Swinging Strike
2-2: Strikes out swinging
Top of the 7th over - 0 run(s), 1 hit(s), 0 error(s), 2 left on base; Wilmington 3 - Newark 1
BOTTOM OF THE 7TH
Newark Bulldogs batting - Pitching for Wilmington Rebels : LHP Guy Sewell
Batting: RHB Perry Henry 0-0: Ball
1-0: Called Strike
1-1: Foul Ball, location: 2F
1-2: Strikes out swinging
Pitching: LHP Chu-chu Ch'oe
Batting: LHB Owen Moreno 0-0: Called Strike
0-1: Foul Ball, location: 2F
0-2: Ball
1-2: Strikes out swinging
Batting: RHB António Flores 0-0: Called Strike
0-1: Ball
1-1: Ball
2-1: Ball
3-1: Called Strike
3-2: Ground out 1-3 (Groundball, 13)
Bottom of the 7th over - 0 run(s), 0 hit(s), 0 error(s), 0 left on base; Wilmington 3 - Newark 1
TOP OF THE 8TH
Wilmington Rebels batting - Pitching for Newark Bulldogs : RHP Chris Johns
Batting: RHB Carlos Ordóńez 0-0: Ball
1-0: Swinging Strike
1-1: Ball
2-1: Fly out, F8 (Flyball, 8LM)
Batting: RHB Al Reese 0-0: Called Strike
0-1: SINGLE (Groundball, 56D)
Batting: LHB David Cháves 0-0: Called Strike
Al Reese is caught stealing 2nd base
0-1: Ball
1-1: Foul Ball, location: 2F
1-2: Ball
2-2: Strikes out looking
Top of the 8th over - 0 run(s), 1 hit(s), 0 error(s), 0 left on base; Wilmington 3 - Newark 1
BOTTOM OF THE 8TH
Newark Bulldogs batting - Pitching for Wilmington Rebels : LHP Chu-chu Ch'oe
Batting: RHB Pablo Gómez 0-0: Called Strike
0-1: Ball
1-1: Foul Ball, location: 2F
1-2: Foul Ball, location: 2F
1-2: Ball
2-2: Strikes out looking
Pitching: RHP Manuel Ferreira
Batting: LHB Marvin Morris 0-0: Ball
1-0: Called Strike
1-1: Ball
2-1: Ball
3-1: Foul Ball, location: 2F
3-2: Foul Ball, location: 2F
3-2: Base on Balls
Batting: RHB Leonardo Pinto 0-0: Ball
1-0: SINGLE (Flyball, 8RS)
Marvin Morris to second
Batting: RHB Carl Byrd 0-0: Foul Ball, location: 2F
0-1: Ball
1-1: Fly out, F9 (Flyball, 89M)
Batting: RHB Randy Simons 0-0: Ball
1-0: Foul Ball, location: 2F
1-1: Foul Ball, location: 2F
1-2: Strikes out swinging
Bottom of the 8th over - 0 run(s), 1 hit(s), 0 error(s), 2 left on base; Wilmington 3 - Newark 1
TOP OF THE 9TH
Wilmington Rebels batting - Pitching for Newark Bulldogs : RHP Chris Johns
Batting: LHB Chandler Hubbard 0-0: Foul Ball, location: 2F
0-1: Ball
1-1: SINGLE (Line Drive, 9LS)
Batting: RHB Joey Boyd 0-0: Bunted foul
0-1: Sac Bunt - play at first, batter OUT! 2-4
Chandler Hubbard to second
Batting: RHB Jesús Cabrera 0-0: Ball
1-0: Ball
2-0: Called Strike
2-1: Ground out 2-3 (Groundball, 15S)
Chandler Hubbard to third
Batting: RHB Jeff Jones 0-0: Foul Ball, location: 2F
0-1: Ball
1-1: Ground out 6-3 (Groundball, 6)
Top of the 9th over - 0 run(s), 1 hit(s), 0 error(s), 1 left on base; Wilmington 3 - Newark 1
BOTTOM OF THE 9TH
Newark Bulldogs batting - Pitching for Wilmington Rebels : RHP Manuel Ferreira
Pitching: RHP Porter Warren
Batting: RHB Larry Booth 0-0: Ball
1-0: Swinging Strike
1-1: Ball
2-1: Ball
3-1: Called Strike
3-2: Base on Balls
Batting: RHB Perry Henry 0-0: SINGLE (Line Drive, 7S)
Larry Booth to second
Batting: LHB Owen Moreno 0-0: Ball
1-0: Ball
2-0: Swinging Strike
2-1: Fly out, F8 (Flyball, 8RD)
Batting: RHB António Flores 0-0: Called Strike
0-1: Ball
1-1: Foul Ball, location: 2F
1-2: Foul Ball, location: 2F
1-2: Ball
2-2: Ball
3-2: Foul Ball, location: 2F
3-2: Fly out, F3 (Popup, 34)
Pinch Hitting: RHB Emílio Salas 0-0: Foul Ball, location: 2F
0-1: Ball
1-1: Foul Ball, location: 2F
1-2: Fly out, F9 (Flyball, 9M)
Bottom of the 9th over - 0 run(s), 1 hit(s), 0 error(s), 2 left on base; Wilmington 3 - Newark 1
Monday, December 5th, 2016 - OOTP Baseball 17.12 Build 75